 Dungeon Crawl Stone Soup version 0.30-a0-852-g08b95dd62f (webtiles) character file.

Game seed: 4359702447069592460

1295 cforsyth the Thaumaturge (level 8, -7/41 HPs)
             Began as a Deep Elf Earth Elementalist on Mar 5, 2023.
             Shot with a bolt by an orc warrior (14 damage)
             ... on level 6 of the Dungeon.
             The game lasted 00:04:38 (5040 turns).

cforsyth the Thaumaturge (DEEE)                     Turns: 5040, Time: 00:04:38

Health: -7/41      AC:  4    Str:  5    XL:     8   Next: 30%
Magic:  23/23      EV: 12    Int: 23    God:
Gold:   123        SH:  0    Dex: 15    Spells: 24/25 levels left

rFire   . . .      SeeInvis .    (no weapon)
rCold   . . .      Faith    .    (no shield)
rNeg    . . .      Spirit   .    a - +0 robe
rPois   .          Reflect  .    D - +2 hat
rElec   .          Rampage  .    (no cloak)
rCorr   .                        (no gloves)
Will    .....                    (no boots)
Stlth   ++                       (no amulet)
HPRegen 0.26/turn                (no ring)
MPRegen 0.18/turn                (no ring)

@: no status effects
A: no striking features
a: no special abilities


You were on level 6 of the Dungeon.
You visited 1 branch of the dungeon, and saw 6 of its levels.

You collected 321 gold pieces.
You spent 198 gold pieces at shops.

Inventory:

Missiles
 x - a throwing net
Armour
 a - a +0 robe (worn)
 f - a +0 helmet
 D - a +2 hat (worn)
Jewellery
 p - an amulet of guardian spirit
 s - a ring of poison resistance
 w - the ring "Viach" {EV+5 Str+3}
   (You found it on level 5 of the Dungeon)

   [ring of evasion]

   EV:        It affects your evasion (+5).
   Str:       It affects your strength (+3).
Wands
 t - a wand of iceblast (17)
 v - a wand of charming (12)
 C - a wand of flame (28)
Scrolls
 d - 4 scrolls of teleportation {unknown}
 g - 5 scrolls of identify {unknown}
 i - 2 scrolls of amnesia {unknown}
 l - a scroll of enchant armour {unknown}
 m - a scroll of enchant weapon {unknown}
 o - a scroll of poison {unknown}
 q - 2 scrolls of noise {unknown}
 r - 2 scrolls of blinking {unknown}
 u - a scroll of immolation {unknown}
 y - a scroll of vulnerability {unknown}
 A - a scroll of butterflies {unknown}
Potions
 b - a potion of magic
 c - 3 potions of might {unknown}
 e - 2 potions of heal wounds {unknown}
 h - 3 potions of flight {unknown}
 j - 2 potions of invisibility {unknown}
 k - a potion of mutation {unknown}
 n - 3 potions of brilliance {unknown}
 z - a potion of lignification {unknown}
 B - a potion of curing {unknown}


   Skills:
 - Level 2.4 Dodging
 - Level 2.4 Stealth
 + Level 9.4 Spellcasting
 - Level 3.3 Transmutations
 + Level 8.2 Earth Magic


You had 24 spell levels left.
You knew the following spells:

 Your Spells              Type           Power      Damage    Failure   Level
a - Sandblast             Erth           96%        2d20      1%          1

Your spell library contained the following spells:

 Spells                   Type           Power      Damage    Failure   Level
 Passwall                 Tmut/Erth      30%        N/A       1%          2
 Stone Arrow              Conj/Erth      58%        3d10      3%          3
 Petrify                  Tmut/Erth      37%        N/A       5%          4
 Leda's Liquefaction      Hex/Erth       14%        N/A       11%         4
 Call Canine Familiar     Summ           10%        N/A       19%         3
 Portal Projectile        Hex/Tloc       20%        N/A       19%         3


Dungeon Overview and Level Annotations

Branches:
Dungeon (6/15)
 Temple: D:4-7

Altars:
Ashenzari
Makhleb
Vehumet

Shops:
D:3 **   D:4 [


Message History

There are monsters nearby!
An orc warrior comes into view. It is wielding a +0 trident.
The orc wizard shouts!
You hear a shout!
The orc warrior unwields a +0 trident.
The orc warrior wields a +0 arbalest.
The orc warrior shoots a bolt.
The bolt closely misses you.
An orc priest comes into view.
It is wielding a +0 dagger. 2 orcs come into view.
Found a scroll labelled ZOEHOSE VAMAECKI.
The orc shouts!
The orc priest invokes the aid of Beogh against you.
Beogh smites you!
The blast of sand misses the orc.
The orc shouts!
The blast of sand hits the orc wizard!
You kill the orc wizard!
The blast of sand hits the orc.
The orc is lightly wounded.
The orc barely misses you.
The blast of sand hits the orc!
You kill the orc!
The orc warrior unwields a +0 arbalest.
The orc warrior wields a +0 trident.
The orc warrior barely misses you.
Casting: Sandblast (safe; 1% risk of failure)
Confirm with . or Enter, or press ? or * to list all spells.
Aiming: Sandblast (safe; 1% risk of failure)
Press: ? - help, Shift-Dir - straight line, f - orc priest
Aim: an orc priest, wielding a +0 dagger (85% to hit)
The blast of sand hits the orc priest!!
You kill the orc priest!
The orc warrior hits you with a +0 trident!
The orc attacks as you move away! The orc barely misses you.
The orc warrior unwields a +0 trident.
The orc warrior wields a +0 arbalest.
The orc warrior shoots a bolt.
The bolt hits you. The orc attacks as you move away!
The orc closely misses you.
The orc warrior shoots a bolt.
The bolt closely misses you.
The orc warrior shoots a bolt.
The bolt hits you.
The orc warrior shoots a bolt.
The bolt hits you!
* * * LOW HITPOINT WARNING * * *
The orc warrior shoots a bolt.
The bolt hits you!
You die...

##...###..##.o.##...###...###..##
##...###..##o..###############'##
#.....#.(..'........#............
#.....#....#.......[#....รท.......
#.....#....#...o....#............
#.....#....#........#########....
#....##...##........##.....##...#
+ ######...............##...# #
#.....@...........<....
#.....................#
#>....<...............#
#..............).......
#......................
#......................
#######.####....###...# +#
####+####### #.....


You could see an orc warrior and an orc.

Vanquished Creatures
  Eustachio (D:4)
  2 water moccasins
  A black bear (D:5)
  2 ogres (D:5)
  A scorpion (D:4)
  4 wights
  A howler monkey (D:5)
  A jelly (D:4)
  A hound (D:5)
  An orc priest (D:6)
  3 iguanas (D:5)
  An orc wizard (D:6)
  3 gnolls (D:5)
  9 adders
  A worm (D:2)
  6 orcs
  4 ball pythons
  7 bats
  6 endoplasms
  2 giant cockroaches
  8 goblins
  9 hobgoblins
  2 jackals (D:4)
  5 kobolds
  4 quokkas
  4 rats
89 creatures vanquished.

Notes
Turn   | Place    | Note
-------+----------+-------------------------------------------
     0 | D:1      | cforsyth the Deep Elf Earth Elementalist began the quest
                  | for the Orb.
     0 | D:1      | Reached XP level 1. HP: 10/10 MP: 6/6
   105 | D:1      | Found a faded altar of an unknown god.
   112 | D:1      | Reached XP level 2. HP: 15/15 MP: 6/8
   673 | D:2      | Found a radiant altar of Vehumet.
   784 | D:2      | Reached XP level 3. HP: 19/19 MP: 5/10
   934 | D:2      | Reached skill level 4 in Spellcasting
  1318 | D:2      | Reached XP level 4. HP: 24/24 MP: 10/12
  1635 | D:3      | Found Luase's General Store.
  1640 | D:3      | Found a burning altar of Makhleb.
  1856 | D:3      | Found Ydio's Assorted Antiques.
  1862 | D:3      | Bought 2 blue potions for 48 gold pieces
  1862 | D:3      | Bought 3 murky purple potions for 72 gold pieces
  1862 | D:3      | Bought a scroll labelled ASTOOGH XOPS for 27 gold pieces
  1862 | D:3      | Bought a black potion for 24 gold pieces
  2624 | D:3      | Bought a scroll labelled DAISTR JAOTONUICK for 27 gold
                  | pieces
  2702 | D:4      | Found a broken altar of Ashenzari.
  2775 | D:4      | Noticed a scorpion
  2779 | D:4      | Killed a scorpion
  2780 | D:4      | Reached XP level 5. HP: 28/28 MP: 9/14
  2896 | D:4      | Reached skill level 5 in Spellcasting
  3089 | D:4      | Noticed Eustachio
  3334 | D:4      | Killed Eustachio
  3335 | D:4      | Reached skill level 6 in Spellcasting
  3335 | D:4      | Reached skill level 5 in Earth Magic
  3335 | D:4      | Reached XP level 6. HP: 21/32 MP: 12/17
  3429 | D:4      | Found Maethrena's Antique Armour Emporium.
  3568 | D:5      | Entered Level 5 of the Dungeon
  3609 | D:5      | Identified the ring "Viach" {EV+5 Str+3}
  3732 | D:5      | Reached skill level 7 in Spellcasting
  3732 | D:5      | Reached XP level 7. HP: 36/36 MP: 12/19
  4248 | D:5      | Reached skill level 8 in Spellcasting
  4809 | D:6      | Reached XP level 8. HP: 40/41 MP: 20/22
  4873 | D:6      | Reached skill level 9 in Spellcasting
  5040 | D:6      | Shot with a bolt by an orc warrior

Illustrated notes

Levels and vault maps discovered:
D:1:      nicolae_arrival_washed_ashore, layout_rooms,
          hellmonk_ecumenical_altar_run_dry
D:2:      layout_basic, basic_altar, hangedman_decor_peaks_small,
          minmay_crystal_room
D:3:      layout_loops_corners, bloody_makhleb, serial_shops, shop, shop,
          wad_orctagon
D:4:      layout_gridville, mainiacjoe_overflow_chevrons, serial_shops, shop,
          uniq_eustachio
D:5:      layout_loops_ring
D:6:      layout_gridville

Skill      XL: |  1  2  3  4  5  6  7  8 |
---------------+-------------------------+-----
Transmutations | 2 3 |  3.3
Spellcasting   | 4 6 7 8 9 |  9.4
Earth Magic    | 4 5 6 7 8 |  8.2
Dodging        | |  2.4
Stealth        | |  2.4

Action                     |  1- 3 |  4- 6 |  7- 9 || total
---------------------------+-------+-------+-------++-------
   Cast: Sandblast         |    48 |    55 |    39 ||   142
 Armour: Robe              |     2 |     6 |     2 ||    10
  Dodge: Dodged            |     3 |    41 |    17 ||    61

Table legend: (Time is in decaauts)
 A = Elapsed time spent in this place.
 B = Non-inter-level travel time spent in this place.
 C = Inter-level travel time spent in this place.
 D = Time resting spent in this place.
 E = Time spent auto-exploring this place.
 F = Levels seen in this place.
 G = Mean time per level.
                   A        B        C        D        E       F      G
               +--------+--------+--------+--------+--------+-----+--------+
         Total |   5114 |   4825 |    289 |    403 |   3859 |   6 |  852.3 |
       Dungeon |   5114 |   4825 |    289 |    403 |   3859 |   6 |  852.3 |
               +--------+--------+--------+--------+--------+-----+--------+

Top non-repeatable levels by time:
     D:3: 1283 daAuts
     D:5: 1158 daAuts
     D:2: 963 daAuts
     D:4: 689 daAuts
     D:1: 681 daAuts
     D:6: 338 daAuts
